 Dungeon Crawl Stone Soup version 0.26-a0-611-g354ed81 (webtiles) character file.

Game seed: 5986993920306525366

387 smeego the Shield-Bearer (level 6, -28/43 HPs)
             Began as an Octopode Fighter on Sept 6, 2020.
             Annihilated by a two-headed ogre
             ... wielding a +0 giant spiked club
              (30 damage)
             ... on level 4 of the Dungeon.
             The game lasted 00:03:37 (4513 turns).

smeego the Shield-Bearer (Octopode Fighter)         Turns: 4513, Time: 00:03:37

Health: -28/43     AC:  1    Str: 24    XL:     6   Next: 78%
Magic:  7/7        EV: 12    Int: 10    God:
Gold:   292        SH: 10    Dex: 11    Spells: 5/7 levels left

rFire    . . .     SeeInvis .   m - +1 scimitar
rCold    . . .     Faith    .   b - +0 kite shield
rNeg     . . .     Spirit   .   (helmet restricted)
rPois    .         Reflect  .   (no amulet)
rElec    .         Harm     .   j - ring of wizardry
rCorr    .                      s - +6 ring of strength
MR       .....                  (no ring)
Stlth    +++.......             (no ring)
HPRegen  0.14/turn              (no ring)
MPRegen  0.10/turn              (no ring)
                                (no ring)
                                (no ring)

@: no status effects
A: almost no armour, stealthy swim, amphibious, 8 rings, constrict 8, camouflage
1, gelatinous body 1
a: no special abilities


You were on level 4 of the Dungeon.
You visited 1 branch of the dungeon, and saw 5 of its levels.

You collected 292 gold pieces.

Inventory:

Hand Weapons
 m - a +1 scimitar (weapon)
Armour
 b - a +0 kite shield (worn)
Magical Staves
 v - an uncursed staff of poison {unknown}
Jewellery
 f - an uncursed amulet of magic regeneration {unknown}
 g - an uncursed ring of teleportation
 j - a ring of wizardry (left tentacle)
 s - a +6 ring of strength (right tentacle)
Wands
 o - a wand of random effects (18)
 t - a wand of flame (8)
Scrolls
 d - 4 scrolls of remove curse
 k - 3 scrolls of teleportation
 n - 2 scrolls of enchant weapon
 u - a scroll of blinking {unknown}
Potions
 a - 2 potions of heal wounds {unknown}
 c - a potion of might
 e - 2 potions of flight {unknown}
 h - a potion of invisibility {unknown}
 i - a potion of degeneration {unknown}
 l - a potion of resistance {unknown}
 p - 6 potions of curing {unknown}
 q - a potion of magic {unknown}
 r - a potion of haste {unknown}


   Skills:
 + Level 3.7 Fighting
 + Level 3.4 Long Blades
 + Level 3.7 Dodging
 + Level 2.6 Stealth
 + Level 3.8 Shields
 + Level 2.0 Unarmed Combat
 + Level 1.0 Spellcasting
 * Level 2.1 Transmutations
 + Level 1.1 Evocations


You had 5 spell levels left.
You knew the following spells:

 Your Spells              Type           Power        Failure   Level
a - Wereblood             Tmut           #.......     32%         2

Your spell library contained the following spells:

 Spells                   Type           Power        Failure   Level
 Beastly Appendage        Tmut           #.....       24%         1
 Spider Form              Tmut/Pois      #.........   69%         3
 Ice Form                 Ice/Tmut       #.......     97%         4
 Blade Hands              Tmut           #.........   99%         5


Dungeon Overview and Level Annotations

Branches:
Dungeon (5/15)
 Temple: D:4-7

Altars:
Qazlal
Ru


Innate Abilities, Weirdness & Mutations

You cannot wear most types of armour.
You are very stealthy in the water. (Stealth+)
You are amphibious.
You can wear up to eight rings at the same time.
You can use your tentacles to constrict eight enemies at once.
Your skin changes colour to match your surroundings (Stealth+).
Your rubbery body absorbs attacks. (AC +1, EV +1)


Message History

You block the two-headed ogre's attack. The two-headed ogre closely misses you.
You hit the two-headed ogre.
The two-headed ogre is severely wounded.
You slash the two-headed ogre!
The two-headed ogre is severely wounded.
The two-headed ogre seems less confused.
You block the two-headed ogre's attack.
The two-headed ogre closely misses you. x2
The two-headed ogre hits you with a +0 giant spiked club!
* * * LOW HITPOINT WARNING * * *
You barely miss the two-headed ogre.
The two-headed ogre is severely wounded.
The two-headed ogre hits you with a +0 giant spiked club.
* * * LOW HITPOINT WARNING * * *
The two-headed ogre barely misses you.
Unknown command.
You hit the two-headed ogre but do no damage.
The two-headed ogre is severely wounded.
The two-headed ogre hits you with a +0 giant spiked club!!
Ouch! That really hurt!
You die...

#...†...#.....# .#
###._.###.....###.#
#.......#####..##[# #...#...#.#
##.##.# #...#...#.# #..#.#
'#######+.#####.#.######
........................
..##############O.###############
### #@.####...........
##>...'...........
######........... ####'#######
#.# #.# #O# #.# #.#


You could see a two-headed ogre (fast).

Vanquished Creatures
  A bullfrog (D:4)
  An orc priest (D:4)
  A centaur skeleton (D:5)
  An iguana (D:5)
  Ijyb (D:3)
  Natasha (D:3)
  A hound zombie (D:5)
  A worker ant zombie (D:5)
  3 adders
  A shadow imp (D:5)
  7 oozes
  2 worms
  A dart slug (D:1)
  2 leopard geckos
  10 orcs
  2 ball pythons
  4 bats
  10 giant cockroaches
  7 goblins
  7 hobgoblins
  A jackal (D:1)
  5 quokkas
  3 frilled lizards
  A jackal skeleton (D:4)
  8 kobolds
  A leopard gecko skeleton (D:5)
  9 rats
92 creatures vanquished.

Notes
Turn   | Place    | Note
-------+----------+-------------------------------------------
     0 | D:1      | smeego the Octopode Fighter began the quest for the Orb.
     0 | D:1      | Reached XP level 1. HP: 16/16 MP: 1/1
     1 | D:1      | Found a runed translucent door.
   163 | D:1      | Reached XP level 2. HP: 21/21 MP: 2/2
   619 | D:1      | Reached skill level 1 in Stealth
   621 | D:1      | Reached XP level 3. HP: 22/26 MP: 3/3
  1230 | D:1      | Reached skill level 1 in Unarmed Combat
  1232 | D:1      | Reached XP level 4. HP: 17/31 MP: 4/4
  1524 | D:2      | Found a stormy altar of Qazlal.
  1529 | D:2      | Noticed a fire elemental
  1530 | D:2      | Noticed a water elemental
  1531 | D:2      | Noticed an air elemental
  1531 | D:2      | Noticed an earth elemental
  1900 | D:3      | Learned a level 2 spell: Wereblood
  1930 | D:3      | Noticed Natasha
  1938 | D:3      | Killed Natasha
  2104 | D:3      | Reached XP level 5. HP: 36/36 MP: 5/5
  2240 | D:3      | Reached skill level 1 in Transmutations
  2325 | D:3      | Noticed Ijyb
  2331 | D:3      | Killed Ijyb
  3104 | D:4      | Found a sacrificial altar of Ru.
  3141 | D:4      | Reached XP level 6. HP: 19/42 MP: 5/7
  3413 | D:4      | Noticed a two-headed ogre
  3482 | D:5      | Entered Level 5 of the Dungeon
  3641 | D:5      | Reached skill level 1 in Evocations
  3684 | D:5      | Reached skill level 1 in Spellcasting
  4512 | D:4      | HP: 2/43 [two-headed ogre/+0 giant spiked club (2)]
  4513 | D:4      | Annihilated by a two-headed ogre

Illustrated notes

Levels and vault maps discovered:
D:1:      dpeg_arrival_caged_fury, layout_loops_corners
D:2:      layout_rooms, nicolae_qazlal_style_of_elements
D:3:      layout_loops_ring, uniq_ijyb, uniq_natasha
D:4:      layout_basic, nicolae_ru_great_annihilating_truth
D:5:      layout_cave_pods

Skill      XL: |  1  2  3  4  5  6 |
---------------+-------------------+-----
Stealth        | 1 2 |  2.6
Unarmed Combat | 1 2 |  2.0
Long Blades    | 3 |  3.4
Transmutations | 1 2 |  2.1
Evocations     | 1 |  1.1
Spellcasting   | 1 |  1.0
Fighting       | |  3.7
Dodging        | |  3.7
Shields        | |  3.8

Action                   |  1- 3 |  4- 6 || total
-------------------------+-------+-------++-------
Melee: Long sword        |    45 |    26 ||    71
       Constrict         |    13 |    32 ||    45
       Tentacles         |    11 |    23 ||    34
       Scimitar          |       |    85 ||    85
       Punch             |       |     3 ||     3
Evoke: Wand              |       |     4 ||     4
  Use: Scroll            |       |     4 ||     4
 Stab: Sleeping          |     2 |     9 ||    11
       Paralysed         |       |     2 ||     2
       Confused          |       |     1 ||     1
Armor: Skin              |     3 |     6 ||     9
Dodge: Dodged            |    31 |    42 ||    73
Block: Kite shield       |    27 |    41 ||    68
       Rpst.: Long sword |    12 |     1 ||    13
       Scimitar          |       |     8 ||     8

Table legend: (Time is in decaauts)
 A = Elapsed time spent in this place.
 B = Non-inter-level travel time spent in this place.
 C = Inter-level travel time spent in this place.
 D = Time resting spent in this place.
 E = Time spent auto-exploring this place.
 F = Levels seen in this place.
 G = Mean time per level.
                   A        B        C        D        E       F      G
               +--------+--------+--------+--------+--------+-----+--------+
         Total |   4565 |   4399 |    166 |    813 |   2924 |   5 |  913.0 |
       Dungeon |   4565 |   4399 |    166 |    813 |   2924 |   5 |  913.0 |
               +--------+--------+--------+--------+--------+-----+--------+

Top non-repeatable levels by time:
     D:5: 1026 daAuts
     D:3: 1004 daAuts
     D:1: 931 daAuts
     D:2: 930 daAuts
     D:4: 672 daAuts
